Map: Ruins of Seras

Players

GoldSaga

  • Race: Zerg Zerg
  • League: Gold

Patchzerg - Winner!

  • Race: Terran Terran
  • League: Gold

VOD

Have the link to the VOD?

Description

Time

  • Played on: Dec. 3, 2015, 12:39 p.m.
  • Length: 6:58
Show
View Real Time Build Order
Export as new Build Order

GoldSaga Zerg 

Build Orders: Hatch First 

Get SALT Encoding   

  12  0:01  Drone  
  13  0:10  Drone  
  14  0:18  Overlord  
  14  0:24  Drone, Extractor  
  15  0:36  Drone x2  
  17  0:44  Drone  
  18  0:55  Drone  
  19  0:58  Extractor  
  18  1:06  Drone  
  18  1:08  Hatchery  
  18  1:16  Drone  
  19  1:23  Spawning Pool  
  18  1:28  Drone  
  19  1:38  Drone  
  20  1:49  Drone  
  21  2:03  Overlord  
  21  2:14  Drone  
  21  2:15  Metabolic Boost  
  22  2:19  Queen x2  
  22  2:21  Drone  
  27  2:25  Drone  
  28  2:32  Drone  
  29  2:42  Drone  
  30  2:51  Drone x2  
  31  2:55  Drone  
  33  3:01  Lair  
  33  3:02  Hatchery  
  32  3:10  Drone x2  
  32  3:11  Drone  
  35  3:16  Drone  
  35  3:17  Overlord  
  36  3:29  Overlord  
  36  3:36  Extractor  
  36  3:39  Extractor  
  36  3:40  Extractor  
  33  3:41  Drone x3  
  33  3:45  Evolution Chamber  
  33  3:46  Evolution Chamber  
  34  3:56  Drone x2  
  34  4:00  Baneling Nest  
  34  4:02  Drone x4  
  39  4:05  Drone x3  
  42  4:20  Drone  
  42  4:21  Drone x3  
  42  4:23  Queen  
  48  4:24  Queen  
  48  4:27  Drone  
  48  4:30  Overlord  
  51  4:45  Spine Crawler  
  41  5:07  Drone x10  
  50  5:24  Drone x4  
  50  5:25  Drone  
  55  5:29  Drone x2  
  55  5:30  Drone  
  55  5:35  Spine Crawler  
  57  5:39  Drone  
  58  5:46  Drone x3  
  58  5:48  Drone  
  62  5:50  Drone  
  62  5:51  Drone  
  64  6:14  Spire  
  64  6:15  Zergling x6  
  64  6:18  Overlord x4  
  66  6:31  Overlord x3  
  66  6:42  Hatchery  
  66  6:44  Spore Crawler  
  66  6:47  Spore Crawler  
Show
View Real Time Build Order
Export as new Build Order

Patchzerg Terran - Winner!

Build Orders:  

Get SALT Encoding   

  12  0:01  SCV  
  13  0:13  SCV  
  14  0:18  Supply Depot  
  14  0:25  SCV  
  15  0:40  SCV, Barracks  
  16  0:52  SCV  
  17  1:04  SCV  
  18  1:16  SCV  
  19  1:28  Marine  
  19  1:30  Orbital Command  
  20  1:39  Command Center  
  20  1:48  Refinery x2  
  20  1:50  Marine  
  21  1:58  Supply Depot  
  21  2:01  SCV  
  22  2:08  Marine  
  23  2:29  Marine  
  24  2:33  Bunker  
  24  2:35  Factory  
  24  2:40  SCV  
  25  2:47  Barracks Reactor  
  25  2:52  SCV, Orbital Command  
  26  3:04  SCV  
  27  3:16  SCV  
  28  3:22  SCV  
  29  3:27  Starport  
  29  3:28  SCV  
  29  3:29  Starport  
  30  3:34  SCV  
  30  3:38  Hellion x2  
  35  3:47  SCV  
  35  3:48  SCV  
  36  3:59  Hellion x2  
  36  4:00  SCV x2  
  42  4:05  Supply Depot  
  42  4:06  Supply Depot, Starport Tech Lab  
  42  4:08  Starport Tech Lab  
  42  4:14  SCV  
  43  4:18  SCV  
  44  4:26  SCV  
  44  4:29  Engineering Bay  
  44  4:30  SCV  
  46  4:38  SCV  
  47  4:42  Banshee x2  
  47  4:43  SCV  
  54  4:50  SCV  
  55  4:55  SCV  
  56  5:02  SCV  
  56  5:07  SCV, Engineering Bay  
  57  5:11  Supply Depot  
  57  5:12  Supply Depot  
  56  5:17  Cloaking Field  
  56  5:24  Banshee  
  56  5:27  Refinery x2  
  59  5:29  Banshee  
  59  5:33  Widow Mine x2  
  66  5:36  SCV  
  67  5:46  Engineering Bay  
  67  5:47  SCV  
  67  5:49  SCV  
  69  5:56  Supply Depot  
  65  5:58  Supply Depot  
  65  5:59  SCV  
  64  6:05  SCV  
  65  6:15  SCV  
  65  6:17  SCV  
  65  6:18  Hellion x2  
  77  6:20  Armory  
  77  6:27  SCV  
  77  6:31  Missile Turret  
  78  6:33  Missile Turret  
Tags
 
Add a new tag
Caveats
  • Supply blocks, unpowered buildings, or Contaminate may cause inaccurate times.
  • Supply counts are checked every 10 seconds.